| TOP OF THE 1ST |
|
Salt Lake Bees batting - Pitching for Rochester Red Wings : RHP Bill Rondeau
|
|
Pitching: RHP Bill Rondeau
|
|
|
Batting: RHB Reginald McDougall
|
0-0: Ball 1-0: Swinging Strike 1-1: Ball 2-1: Ball 3-1: Called Strike 3-2: Fly out, F9 (Flyball, 9LS, EV 87.5 MPH)
|
|
Batting: RHB Guillermo Mojica
|
0-0: Ball 1-0: Fly out, F8 (Flyball, 89S, EV 96.9 MPH)
|
|
Batting: RHB Mike Harkins
|
0-0: Ball 1-0: SOLO HOME RUN (Flyball, 7LD, EV 95.0 MPH), Distance : 349 ft
|
|
Batting: LHB Vinny Carreno
|
0-0: Called Strike 0-1: Ball 1-1: Ball 2-1: Ball 3-1: Base on Balls
|
|
Batting: RHB Andres Mendiola
|
0-0: Ground out U3 (Groundball, 3S, EV 81.3 MPH)
|
| Top of the 1st over - 1 run, 1 hit, 0 errors, 1 left on base; Salt Lake 1 - Rochester 0 |
| BOTTOM OF THE 1ST |
|
Rochester Red Wings batting - Pitching for Salt Lake Bees : RHP Ben Sedlacek
|
|
Pitching: RHP Ben Sedlacek
|
|
|
Batting: RHB Michel Martineau
|
0-0: Ball 1-0: Foul Ball, location: 2F 1-1: Fly out, F3 (Popup, 3SF, EV 81.3 MPH)
|
|
Batting: SHB David Myles
|
0-0: Called Strike 0-1: Foul Ball, location: 2F 0-2: Strikes out looking
|
|
Batting: RHB Jimmy Buzard
|
0-0: Swinging Strike 0-1: Ball 1-1: Ball 2-1: Foul Ball, location: 2F 2-2: Strikes out swinging, 2-3 out at first.
|
| Bottom of the 1st over - 0 runs, 0 hits, 0 errors, 0 left on base; Salt Lake 1 - Rochester 0 |
| TOP OF THE 2ND |
|
Salt Lake Bees batting - Pitching for Rochester Red Wings : RHP Bill Rondeau
|
|
Batting: LHB Matt Patnaude
|
0-0: Called Strike 0-1: Ball 1-1: Ball 2-1: SINGLE (Line Drive, 4MD, EV 97.5 MPH)
|
|
Batting: RHB Cesar Ortega
|
0-0: Called Strike 0-1: Ball 1-1: Called Strike 1-2: Ball 2-2: Strikes out looking
|
|
Batting: RHB Ryan Marler
|
0-0: Called Strike 0-1: Foul Ball, location: 2F 0-2: Hit by Pitch Matt Patnaude to second
|
|
Batting: SHB Ivan Barry
|
0-0: Foul Ball, location: 2F 0-1: Ball 1-1: Foul Ball, location: 2F 1-2: Foul Ball, location: 2F 1-2: Fielders Choice at 2nd, 5-4 (Groundball, 5, EV 82.5 MPH) Matt Patnaude to third
|
|
Batting: RHB Reginald McDougall
|
0-0: Ball 1-0: Ball 2-0: Ball 3-0: Base on Balls Ivan Barry to second
|
|
Batting: RHB Guillermo Mojica
|
0-0: Ball 1-0: Ball 2-0: Called Strike 2-1: Ball 3-1: Base on Balls Matt Patnaude scores Ivan Barry to third Reginald McDougall to second
|
|
Batting: RHB Mike Harkins
|
0-0: SINGLE (Groundball, 56S, EV 68.1 MPH) (infield hit) Ivan Barry scores Reginald McDougall to third Guillermo Mojica to second
|
|
Batting: LHB Vinny Carreno
|
0-0: Ball 1-0: Swinging Strike 1-1: Foul Ball, location: 2F 1-2: Ball 2-2: Ball 3-2: Strikes out looking
|
| Top of the 2nd over - 2 runs, 2 hits, 0 errors, 3 left on base; Salt Lake 3 - Rochester 0 |
| BOTTOM OF THE 2ND |
|
Rochester Red Wings batting - Pitching for Salt Lake Bees : RHP Ben Sedlacek
|
|
Batting: SHB Aaron Tatar
|
0-0: Ball 1-0: Ball 2-0: Ground out 6-3 (Groundball, 6, EV 100.0 MPH)
|
|
Batting: RHB Tony Rivera
|
0-0: Called Strike 0-1: Fly out, F8 (Line Drive, 8LM, EV 111.3 MPH)
|
|
Batting: RHB Aaron Trotman
|
0-0: Ball 1-0: Fly out, F3 (Popup, 23F, EV 83.1 MPH)
|
| Bottom of the 2nd over - 0 runs, 0 hits, 0 errors, 0 left on base; Salt Lake 3 - Rochester 0 |
| TOP OF THE 3RD |
|
Salt Lake Bees batting - Pitching for Rochester Red Wings : RHP Bill Rondeau
|
|
Batting: RHB Andres Mendiola
|
0-0: Swinging Strike 0-1: Foul Ball, location: 2F 0-2: Ball 1-2: Ball 2-2: Strikes out swinging
|
|
Batting: LHB Matt Patnaude
|
0-0: Ground out U3 (Groundball, 3, EV 83.8 MPH)
|
|
Batting: RHB Cesar Ortega
|
0-0: DOUBLE (Flyball, 8LXD, EV 105.0 MPH)
|
|
Batting: RHB Ryan Marler
|
0-0: Foul Ball, location: 2F 0-1: Swinging Strike 0-2: Ball 1-2: Ground out 5-3 (Groundball, 5, EV 80.6 MPH)
|
| Top of the 3rd over - 0 runs, 1 hit, 0 errors, 1 left on base; Salt Lake 3 - Rochester 0 |
| BOTTOM OF THE 3RD |
|
Rochester Red Wings batting - Pitching for Salt Lake Bees : RHP Ben Sedlacek
|
|
Batting: RHB Eric Narrow
|
0-0: Called Strike 0-1: Ball 1-1: Ground out 5-3 (Groundball, 56S, EV 84.4 MPH)
|
|
Batting: RHB Bobby Blanchard
|
0-0: Called Strike 0-1: Foul Ball, location: 2F 0-2: Ball 1-2: Strikes out looking
|
|
Batting: LHB Kai Baker
|
0-0: Called Strike 0-1: Ball 1-1: Ball 2-1: Ball 3-1: Called Strike 3-2: Strikes out swinging
|
| Bottom of the 3rd over - 0 runs, 0 hits, 0 errors, 0 left on base; Salt Lake 3 - Rochester 0 |
| TOP OF THE 4TH |
|
Salt Lake Bees batting - Pitching for Rochester Red Wings : RHP Bill Rondeau
|
|
Batting: SHB Ivan Barry
|
0-0: Ball 1-0: Foul Ball, location: 2F 1-1: Ground out U3 (Groundball, 3, EV 85.0 MPH)
|
|
Batting: RHB Reginald McDougall
|
0-0: Ball 1-0: Ball 2-0: Ball 3-0: Called Strike 3-1: Foul Ball, location: 2F 3-2: Base on Balls
|
|
Batting: RHB Guillermo Mojica
|
0-0: Ball 1-0: Ball 2-0: Ball 3-0: Called Strike 3-1: Called Strike 3-2: Fielders Choice at 2nd, 5-4 (Groundball, 5, EV 92.5 MPH)
|
|
Batting: RHB Mike Harkins
|
0-0: Called Strike 0-1: Ball 1-1: Ball Guillermo Mojica steals 2nd base (no throw) 2-1: 2-RUN HOME RUN (Flyball, 9D, EV 99.4 MPH), Distance : 374 ft
|
|
Pitching: RHP Antonio Alcaraz
|
|
|
Batting: LHB Vinny Carreno
|
0-0: Foul Ball, location: 2F 0-1: Foul Ball, location: 2F 0-2: Ball 1-2: Ball 2-2: Fly out, F8 (Line Drive, 8RD, EV 85.0 MPH)
|
| Top of the 4th over - 2 runs, 1 hit, 0 errors, 0 left on base; Salt Lake 5 - Rochester 0 |
| BOTTOM OF THE 4TH |
|
Rochester Red Wings batting - Pitching for Salt Lake Bees : RHP Ben Sedlacek
|
|
Batting: RHB Michel Martineau
|
0-0: Called Strike 0-1: Foul Ball, location: 2F 0-2: Ground out 4-3 (Groundball, 4, EV 105.6 MPH)
|
|
Batting: SHB David Myles
|
0-0: Called Strike 0-1: Ball 1-1: Ball 2-1: Foul Ball, location: 2F 2-2: Foul Ball, location: 2F 2-2: Ground out 4-3 (Groundball, 4, EV 90.6 MPH)
|
|
Batting: RHB Jimmy Buzard
|
0-0: Ball 1-0: Foul Ball, location: 2F 1-1: Ball 2-1: Foul Ball, location: 2F 2-2: Fly out, F9 (Flyball, 89M, EV 80.6 MPH)
|
| Bottom of the 4th over - 0 runs, 0 hits, 0 errors, 0 left on base; Salt Lake 5 - Rochester 0 |
| TOP OF THE 5TH |
|
Salt Lake Bees batting - Pitching for Rochester Red Wings : RHP Antonio Alcaraz
|
|
Batting: RHB Andres Mendiola
|
0-0: Called Strike 0-1: Hit by Pitch
|
|
Batting: LHB Matt Patnaude
|
0-0: Called Strike 0-1: Ball 1-1: Ball 2-1: Called Strike 2-2: Strikes out swinging
|
|
Batting: RHB Cesar Ortega
|
0-0: Ball 1-0: Foul Ball, location: 2F 1-1: Grounds into double play, 5-4-3 (Groundball, 56, EV 92.5 MPH)
|
| Top of the 5th over - 0 runs, 0 hits, 0 errors, 0 left on base; Salt Lake 5 - Rochester 0 |
| BOTTOM OF THE 5TH |
|
Rochester Red Wings batting - Pitching for Salt Lake Bees : RHP Ben Sedlacek
|
|
Batting: SHB Aaron Tatar
|
0-0: Ball 1-0: Ball 2-0: Foul Ball, location: 2F 2-1: Called Strike 2-2: Ball 3-2: Ground out 4-3 (Groundball, 4, EV 85.6 MPH)
|
|
Batting: RHB Tony Rivera
|
0-0: Ball 1-0: Ball 2-0: Fly out, F8 (Flyball, 8RD, EV 85.6 MPH)
|
|
Batting: RHB Aaron Trotman
|
0-0: Ball 1-0: DOUBLE (Line Drive, 7LM, EV 109.4 MPH)
|
|
Batting: RHB Eric Narrow
|
0-0: Ground out 5-3 (Groundball, 5, EV 75.6 MPH)
|
| Bottom of the 5th over - 0 runs, 1 hit, 0 errors, 1 left on base; Salt Lake 5 - Rochester 0 |
| TOP OF THE 6TH |
|
Salt Lake Bees batting - Pitching for Rochester Red Wings : RHP Antonio Alcaraz
|
|
Batting: RHB Ryan Marler
|
0-0: Ground out 4-3 (Groundball, 4, EV 81.9 MPH)
|
|
Batting: SHB Ivan Barry
|
0-0: Ground out 4-3 (Groundball, 4S, EV 71.3 MPH)
|
|
Batting: RHB Reginald McDougall
|
0-0: SOLO HOME RUN (Flyball, 7D, EV 96.9 MPH), Distance : 372 ft
|
|
Batting: RHB Guillermo Mojica
|
0-0: Called Strike 0-1: Ball 1-1: Ground out 6-3 (Groundball, 6MD, EV 77.5 MPH)
|
| Top of the 6th over - 1 run, 1 hit, 0 errors, 0 left on base; Salt Lake 6 - Rochester 0 |
| BOTTOM OF THE 6TH |
|
Rochester Red Wings batting - Pitching for Salt Lake Bees : RHP Ben Sedlacek
|
|
Batting: RHB Bobby Blanchard
|
0-0: Called Strike 0-1: Foul Ball, location: 2F 0-2: Strikes out swinging
|
|
Batting: LHB Kai Baker
|
0-0: Called Strike 0-1: Called Strike 0-2: Ball 1-2: Ball 2-2: Foul Ball, location: 2F 2-2: Strikes out swinging
|
|
Batting: RHB Michel Martineau
|
0-0: Ball 1-0: Ball 2-0: Ground out U3 (Groundball, 34, EV 80.0 MPH)
|
| Bottom of the 6th over - 0 runs, 0 hits, 0 errors, 0 left on base; Salt Lake 6 - Rochester 0 |
| TOP OF THE 7TH |
|
Salt Lake Bees batting - Pitching for Rochester Red Wings : RHP Antonio Alcaraz
|
|
Batting: RHB Mike Harkins
|
0-0: Fly out, F7 (Flyball, 7S, EV 78.1 MPH)
|
|
Batting: LHB Vinny Carreno
|
0-0: Called Strike 0-1: Ball 1-1: DOUBLE (Line Drive, 9LM, EV 98.1 MPH)
|
|
Batting: RHB Andres Mendiola
|
0-0: Ground out 6-3 (Groundball, 6, EV 91.9 MPH)
|
|
Batting: LHB Matt Patnaude
|
0-0: Foul Ball, location: 2F 0-1: Foul Ball, location: 2F 0-2: Ball 1-2: Fly out, F8 (Flyball, 8RXD, EV 97.5 MPH)
|
| Top of the 7th over - 0 runs, 1 hit, 0 errors, 1 left on base; Salt Lake 6 - Rochester 0 |
| BOTTOM OF THE 7TH |
|
Rochester Red Wings batting - Pitching for Salt Lake Bees : RHP Ben Sedlacek
|
|
Batting: SHB David Myles
|
0-0: Ground out 4-3 (Groundball, 4, EV 81.9 MPH)
|
|
Batting: RHB Jimmy Buzard
|
0-0: Foul Ball, location: 2F 0-1: Called Strike 0-2: Ball 1-2: SINGLE (Line Drive, 34D, EV 101.9 MPH)
|
|
Batting: SHB Aaron Tatar
|
0-0: Ball 1-0: Called Strike 1-1: Ball 2-1: Ground out 4-3 (Groundball, 34D, EV 94.4 MPH) Jimmy Buzard to second
|
|
Batting: RHB Tony Rivera
|
0-0: Called Strike 0-1: Swinging Strike 0-2: Strikes out swinging
|
| Bottom of the 7th over - 0 runs, 1 hit, 0 errors, 1 left on base; Salt Lake 6 - Rochester 0 |
| TOP OF THE 8TH |
|
Salt Lake Bees batting - Pitching for Rochester Red Wings : RHP Antonio Alcaraz
|
|
Batting: RHB Cesar Ortega
|
0-0: Ball 1-0: Called Strike 1-1: Foul Ball, location: 2F 1-2: Ball 2-2: Ground out 6-3 (Groundball, 6, EV 83.1 MPH)
|
|
Pitching: RHP Fernando Macias
|
|
|
Batting: RHB Ryan Marler
|
0-0: Foul Ball, location: 2F 0-1: Foul Ball, location: 2F 0-2: Strikes out swinging
|
|
Batting: SHB Ivan Barry
|
0-0: Ground out 6-3 (Groundball, 6M, EV 102.5 MPH)
|
| Top of the 8th over - 0 runs, 0 hits, 0 errors, 0 left on base; Salt Lake 6 - Rochester 0 |
| BOTTOM OF THE 8TH |
|
Rochester Red Wings batting - Pitching for Salt Lake Bees : RHP Ben Sedlacek
|
|
Batting: RHB Aaron Trotman
|
0-0: Called Strike 0-1: SINGLE (Groundball, 6M, EV 106.9 MPH) (infield hit)
|
|
Batting: RHB Eric Narrow
|
0-0: Fly out, F7 (Flyball, 7LS, EV 85.0 MPH)
|
|
Batting: RHB Bobby Blanchard
|
0-0: Ball 1-0: Ball Wild Pitch! Aaron Trotman to second 2-0: Foul Ball, location: 2F 2-1: Ball 3-1: Swinging Strike 3-2: Strikes out swinging
|
|
Batting: LHB Kai Baker
|
0-0: Called Strike 0-1: Swinging Strike 0-2: Ball 1-2: Foul Ball, location: 2F 1-2: SINGLE (Line Drive, 3L, EV 108.1 MPH) Aaron Trotman to third Runner from 3rd tries for Home, SAFE, throw by RF to home
|
|
Batting: RHB Michel Martineau
|
0-0: Swinging Strike 0-1: Reached on error, E4 (Groundball, 34, EV 78.1 MPH) Kai Baker to second
|
|
Pitching: LHP Matt Barr
|
|
|
Batting: SHB David Myles
|
0-0: Ball 1-0: Ball 2-0: Ball 3-0: Base on Balls Kai Baker to third Michel Martineau to second
|
|
Batting: RHB Jimmy Buzard
|
0-0: Swinging Strike 0-1: Ball 1-1: Ball 2-1: Fielders Choice at 2nd, 5-4 (Groundball, 56, EV 106.3 MPH)
|
| Bottom of the 8th over - 1 run, 2 hits, 1 error, 3 left on base; Salt Lake 6 - Rochester 1 |
| TOP OF THE 9TH |
|
Salt Lake Bees batting - Pitching for Rochester Red Wings : RHP Fernando Macias
|
|
Pitching: RHP Harry Pratt
|
|
|
Batting: RHB Reginald McDougall
|
0-0: Called Strike 0-1: Ball 1-1: Ball 2-1: Foul Ball, location: 2F 2-2: Foul Ball, location: 2F 2-2: Ball 3-2: Foul Ball, location: 2F 3-2: Ground out U3 (Groundball, 3S, EV 65.0 MPH)
|
|
Batting: RHB Guillermo Mojica
|
0-0: Called Strike 0-1: Swinging Strike 0-2: Strikes out swinging
|
|
Batting: RHB Mike Harkins
|
0-0: Ball 1-0: Ball 2-0: Ball 3-0: Base on Balls
|
|
Batting: LHB Vinny Carreno
|
0-0: Called Strike Mike Harkins steals 2nd base 0-1: Ball 1-1: Ball 2-1: Ball 3-1: Fly out, F6 (Popup, P, EV 78.1 MPH)
|
| Top of the 9th over - 0 runs, 0 hits, 0 errors, 1 left on base; Salt Lake 6 - Rochester 1 |
| BOTTOM OF THE 9TH |
|
Rochester Red Wings batting - Pitching for Salt Lake Bees : LHP Matt Barr
|
|
Batting: SHB Aaron Tatar
|
0-0: Called Strike 0-1: Called Strike 0-2: Ball 1-2: Ground out 5-3 (Groundball, 56, EV 86.9 MPH)
|
|
Batting: RHB Tony Rivera
|
0-0: Ground out 6-3 (Groundball, 6M, EV 83.1 MPH)
|
|
Batting: RHB Aaron Trotman
|
0-0: Ground out 6-3 (Groundball, 6S, EV 88.1 MPH)
|
| Bottom of the 9th over - 0 runs, 0 hits, 0 errors, 0 left on base; Salt Lake 6 - Rochester 1 |
|